Map: Frost LE

Players

MouLou - Winner!

  • Race: Terran Terran
  • League: Master
  • Spawn Location: 7:00

IlIlIlIlIlIl (Naniwa)

  • Race: Protoss Protoss
  • League: Master
  • Spawn Location: 1:00

VOD

Have the link to the VOD?

Description

Time

  • Played on: Oct. 26, 2016, 12:09 p.m.
  • Length: 12:18
Show
View Real Time Build Order
Export as new Build Order

MouLou Terran - Winner!

Build Orders: Command Center First (CC), MMM Bio 

Get SALT Encoding   

  12  0:01  SCV  
  13  0:13  SCV  
  14  0:17  Supply Depot  
  14  0:25  SCV  
  15  0:39  SCV  
  16  0:51  SCV  
  17  1:01  Command Center  
  17  1:03  SCV  
  18  1:15  Barracks  
  18  1:17  SCV  
  19  1:30  Barracks  
  19  1:31  SCV  
  20  1:43  SCV  
  21  1:48  Refinery  
  21  2:02  Orbital Command, Marine  
  22  2:13  Orbital Command  
  22  2:17  Marine  
  22  2:20  Marine  
  22  2:22  Barracks  
  24  2:28  SCV  
  25  2:37  Marine  
  25  2:38  Marine  
  25  2:40  SCV x2  
  29  2:50  Bunker  
  29  2:52  SCV  
  29  2:54  SCV  
  29  2:55  Supply Depot, Marine  
  29  2:57  Marine  
  33  3:04  SCV  
  34  3:06  SCV  
  34  3:10  Barracks Tech Lab  
  35  3:13  Marine  
  35  3:15  Refinery, Marine  
  35  3:16  SCV  
  38  3:20  SCV  
  39  3:28  SCV  
  39  3:30  Stimpack, Marine  
  39  3:31  Marine  
  39  3:32  Supply Depot, SCV  
  43  3:39  Refinery  
  43  3:40  Engineering Bay, SCV  
  44  3:44  SCV  
  44  3:46  Marine  
  44  3:47  Supply Depot  
  46  3:54  SCV, Marine x2  
  49  3:56  SCV  
  49  4:02  Factory  
  50  4:06  SCV  
  50  4:08  Terran Infantry Weapons Level 1, SCV  
  50  4:09  Supply Depot  
  52  4:12  Barracks Tech Lab  
  52  4:13  Barracks Reactor  
  52  4:15  Missile Turret  
  52  4:20  Missile Turret  
  52  4:21  SCV  
  52  4:23  SCV  
  54  4:26  Marauder  
  56  4:33  SCV  
  56  4:35  Combat Shields, SCV, Marauder  
  60  4:40  Refinery  
  60  4:45  SCV  
  60  4:46  Supply Depot  
  60  4:48  Starport  
  60  4:49  Factory Reactor  
  60  4:51  SCV  
  61  4:56  Marine x2  
  61  4:57  Marauder  
  65  5:00  Marine  
  65  5:03  SCV  
  67  5:10  SCV  
  68  5:18  Command Center, Marauder  
  71  5:21  Supply Depot, SCV  
  71  5:24  Marine x2  
  73  5:30  Supply Depot  
  73  5:32  Medivac x2  
  77  5:36  Concussive Shells  
  77  5:37  Supply Depot  
  77  5:42  Widow Mine  
  77  5:43  Marauder  
  77  5:44  Marauder  
  77  5:45  SCV  
  84  5:50  Supply Depot  
  84  5:53  Supply Depot  
  84  5:54  Marine x2  
  86  6:04  Medivac x2, Marauder  
  88  6:09  Terran Infantry Armor Level 1  
  92  6:13  Widow Mine  
  92  6:16  Armory  
  94  6:21  Engineering Bay  
  94  6:23  Marine  
  94  6:24  Marauder  
  97  6:31  Barracks  
  97  6:34  Barracks, Orbital Command  
  97  6:35  SCV x2  
  99  6:43  Marine  
  99  6:44  Marauder  
  102  6:48  Supply Depot, SCV  
  103  6:54  SCV  
  103  6:58  Marine  
  104  7:05  Marine  
  104  7:07  Widow Mine  
  104  7:08  Medivac x2  
  110  7:15  Orbital Command  
  108  7:16  Marine  
  108  7:17  Marauder, Marine  
  108  7:18  SCV  
  108  7:21  Liberator  
  111  7:22  SCV  
  111  7:23  Marine  
  101  7:34  Marine  
  101  7:35  Marine  
  100  7:37  Barracks Tech Lab  
  100  7:38  Medivac, Barracks Reactor  
  100  7:39  SCV x2, Marauder  
  100  7:41  Marine  
  106  7:52  Marine  
  106  7:53  Marauder  
  106  7:54  Widow Mine  
  106  7:57  Marine  
  108  7:59  Marine  
  108  8:00  Marauder  
  108  8:01  SCV x2  
  108  8:07  Terran Infantry Weapons Level 2  
  108  8:08  Medivac  
  108  8:09  Liberator  
  108  8:10  Marine  
  108  8:11  Terran Infantry Armor Level 2  
  111  8:14  Marine x3  
  111  8:15  Marine  
  111  8:16  SCV, Marine  
  117  8:21  Marauder  
  117  8:26  Factory Reactor  
  118  8:28  Marine  
  118  8:30  Liberator, SCV x3  
  118  8:31  Refinery, Marine  
  118  8:32  Refinery, Marauder, Marine  
  118  8:34  Marine, Marauder  
  128  8:35  Supply Depot  
  128  8:36  Supply Depot  
  128  8:42  SCV x2, Marine  
  128  8:46  Marine  
  134  8:49  Marine  
  134  8:52  Liberator, SCV  
  134  8:54  SCV, Marauder  
  134  8:55  Starport, SCV  
  140  8:58  Marine  
  140  8:59  Marauder  
  140  9:00  Supply Depot  
  140  9:01  Supply Depot  
  140  9:02  Supply Depot  
  143  9:07  Marine  
  143  9:08  Marauder  
  146  9:10  Widow Mine x2  
  146  9:14  Liberator  
  146  9:17  SCV, Marine  
  132  9:32  Marine  
  132  9:33  Starport Tech Lab, Marauder  
  132  9:34  Marine  
  132  9:37  Barracks  
  139  9:38  Fusion Core  
  139  9:39  Barracks  
  139  9:41  Barracks  
  139  9:43  Liberator  
  139  9:44  Marine x2  
  139  9:45  Marauder  
  143  9:50  Marine  
  143  9:51  Marauder  
  146  9:58  Marine  
  146  9:59  Marauder  
  149  10:01  Widow Mine x2  
  149  10:02  Marine  
  157  10:08  Liberator, Marine  
  157  10:09  Marauder  
  157  10:11  Command Center  
  157  10:13  Marine  
  158  10:18  Marine  
  155  10:23  Marine  
  155  10:24  Marine x2  
  155  10:26  Liberator, Marine  
  155  10:27  Liberator  
  162  10:30  Marauder  
  159  10:37  SCV, Marine  
  159  10:38  Marine  
  159  10:40  Marine  
  159  10:42  Marauder, Marine x2  
  162  10:43  Advanced Ballistics  
  162  10:45  Barracks Tech Lab  
  164  10:50  Marine  
  164  10:51  Liberator  
  164  10:52  Marine  
  164  10:54  Marine x2  
  166  11:04  Marauder  
  164  11:07  Marine  
  164  11:08  Marauder  
  164  11:09  Liberator  
  164  11:10  Marine  
  167  11:12  Marine  
  167  11:13  Marauder  
  167  11:15  Marine x2  
  167  11:16  Marine  
  172  11:20  Barracks Reactor  
  172  11:25  Marauder  
  172  11:26  Marine  
  165  11:33  Marine  
  165  11:34  Marine  
  165  11:35  SCV, Marauder  
  165  11:37  Marine  
  165  11:38  Marauder  
  159  11:42  Marine  
  159  11:43  Marine  
  159  11:47  Marine, Marauder  
  155  11:51  Marine  
  160  11:56  Marauder  
  160  11:59  Refinery  
  164  12:08  Refinery  
Show
View Real Time Build Order
Export as new Build Order

IlIlIlIlIlIl Protoss 

Build Orders: 1 Gate Expand, Phoenix Opening 

Get SALT Encoding   

  12  0:01  Probe (Chrono Boost)  
  13  0:11  Probe (Chrono Boost)  
  14  0:18  Pylon  
  14  0:22  Probe (Chrono Boost)  
  15  0:37  Probe (Chrono Boost)  
  15  0:38  Gateway  
  16  0:44  Assimilator  
  16  0:47  Probe (Chrono Boost)  
  17  0:58  Probe (Chrono Boost)  
  18  1:08  Probe (Chrono Boost)  
  19  1:20  Nexus  
  19  1:32  Cybernetics Core  
  19  1:33  Probe (Chrono Boost)  
  19  1:39  Assimilator  
  20  1:44  Probe (Chrono Boost)  
  21  1:50  Pylon  
  21  1:54  Probe (Chrono Boost)  
  22  2:10  Mothership Core (Chrono Boost), Adept, Warp Gate  
  26  2:28  Probe (Chrono Boost)  
  27  2:35  Probe (Chrono Boost)  
  28  2:38  Probe (Chrono Boost)  
  28  2:39  Stargate  
  29  2:46  Probe (Chrono Boost)  
  29  2:49  Probe (Chrono Boost)  
  31  2:54  Adept  
  31  2:57  Probe (Chrono Boost)  
  34  2:59  Probe (Chrono Boost)  
  35  3:08  Probe (Chrono Boost)  
  35  3:10  Probe (Chrono Boost)  
  37  3:17  Probe (Chrono Boost)  
  38  3:20  Probe (Chrono Boost)  
  38  3:23  Phoenix (Chrono Boost)  
  41  3:31  Nexus  
  41  3:33  Probe  
  41  3:34  Probe  
  42  3:41  Pylon  
  43  3:46  Phoenix (Chrono Boost)  
  46  3:48  Probe  
  46  3:56  Gateway  
  46  3:57  Probe  
  46  4:00  Gateway  
  47  4:04  Probe  
  47  4:08  Probe  
  49  4:11  Phoenix (Chrono Boost)  
  49  4:14  Pylon  
  51  4:18  Probe x2  
  53  4:29  Probe  
  54  4:31  Pylon  
  54  4:32  Probe  
  55  4:38  Forge  
  55  4:39  Probe, Twilight Council  
  55  4:41  Adept  
  55  4:42  Probe  
  55  4:44  Probe  
  60  4:54  Probe x2  
  60  4:56  Probe  
  60  4:57  Pylon  
  63  5:02  Adept x2  
  63  5:04  Pylon, Adept  
  69  5:08  Pylon  
  69  5:10  Probe x2  
  69  5:11  Probe  
  72  5:18  Assimilator  
  72  5:19  Assimilator, Resonating Glaives  
  72  5:22  Probe  
  72  5:23  Probe x2  
  72  5:26  Protoss Ground Weapons Level 1 (Chrono Boost), Adept, Sentry  
  72  5:27  Adept  
  82  5:35  Probe x2  
  82  5:36  Probe  
  82  5:40  Pylon  
  84  5:49  Probe, Adept x3  
  90  5:50  Probe x2  
  93  5:57  Robotics Facility  
  93  6:00  Probe  
  93  6:01  Pylon  
  93  6:02  Probe x2  
  96  6:06  Assimilator  
  96  6:08  Assimilator  
  96  6:14  Gateway  
  96  6:15  Gateway  
  96  6:16  Gateway  
  96  6:18  Probe  
  96  6:20  Probe x2  
  96  6:24  Sentry  
  96  6:25  Adept x2  
  105  6:32  Pylon x2  
  105  6:35  Gateway  
  105  6:37  Gateway  
  105  6:44  Observer (Chrono Boost)  
  104  6:48  Adept x3  
  104  6:50  Photon Cannon  
  104  6:53  Photon Cannon  
  97  7:03  Probe x3  
  97  7:15  Probe x3, Adept x5  
  108  7:17  Adept  
  104  7:27  Void Ray  
  88  7:37  Adept x3  
  88  7:41  Adept  
  96  7:52  Adept x4  
  96  7:54  Forge  
  103  8:04  Templar Archives  
  103  8:05  Probe  
  101  8:06  Probe x2  
  104  8:16  Pylon  
  104  8:17  Blink (Chrono Boost)  
  104  8:21  Void Ray  
  104  8:24  Pylon  
  104  8:28  Protoss Ground Armor Level 1 (Chrono Boost)  
  104  8:31  Sentry  
  104  8:43  Stalker x3, Sentry  
  104  8:44  Stalker x2  
  112  8:51  Stalker  
  114  9:02  Forge  
  114  9:13  Adept x2  
  114  9:14  Adept x6  
  103  9:35  High Templar x4  
  103  9:36  Stalker x4  
  119  9:41  Archon x2  
  118  10:07  Stalker  
  117  10:19  Stalker x4  
  124  10:28  Pylon  
  124  10:30  Pylon  
  124  10:31  Pylon  
  124  10:34  Pylon  
  94  10:43  Adept x3  
  94  10:44  Adept x5  
  98  11:09  Stalker x6  
  98  11:10  Stalker x2  
  101  11:37  Adept x2  
  101  11:38  Adept x6  
  97  11:50  Observer (Chrono Boost)  
  94  11:58  High Templar x2, Sentry  
  94  11:59  Stalker x2, High Templar x2  
  94  12:01  Stalker  
  110  12:04  Archon x2  
Tags
 
Add a new tag
Caveats
  • Supply blocks, unpowered buildings, or Contaminate may cause inaccurate times.
  • Supply counts are checked every 10 seconds.